[ AOE2 MATCH · #505540206 ]
UnrankedMapuche vs Goths
Player's team · WIN
Rival team · LOSS
[ REPLAY ANALYSIS · EXTRACTED FROM THE RECORDED GAME ]
Feudal
9:19
Castle
—
Imperial
—
| APM avg | 72.5 |
| APM peak | 111 |
| eAPM avg | 27.6 |
| Villagers / military | 35 / 7 |
Focus
⚔️ 29.2% · 🌾 70.8%
Archer ×7 · Unknown (2550) ×6
Feudal
9:20
Castle
—
Imperial
—
| APM avg | 54.6 |
| APM peak | 81 |
| eAPM avg | 24.0 |
| Villagers / military | 33 / 11 |
Focus
⚔️ 33.3% · 🌾 66.7%
Militia ×11
Match map
Initial resources + every placement click. Lines = walls · curves = elevation contours. ◆ gold · ⬟ stone · ● berries · ✦ relic · ◌ wall gap
Your base· Open — unwalled flank
wR.Mochi's base· Open — unwalled flank
Smoothed initial terrain · ◌ = detected wall gap · hover for details
Inputs per minute
— Scotty - - wR.Mochi
Build order — Scotty
77 actions detected in the replay
| 0:01 | Queue | Villager (Male) ×4 |
| 0:01 | Queue | Villager (Male) ×4 |
| 0:03 | Build | House |
| 0:04 | Build | House |
| 1:30 | Queue | Villager (Male) |
| 1:30 | Queue | Villager (Male) |
| 1:30 | Queue | Villager (Male) |
| 2:00 | Build | Settlement |
| 2:02 | Queue | Villager (Male) |
| 2:02 | Queue | Villager (Male) |
| 2:02 | Queue | Villager (Male) |
| 2:27 | Queue | Villager (Male) |
| 2:27 | Queue | Villager (Male) |
| 2:27 | Queue | Villager (Male) |
| 3:06 | Queue | Villager (Male) |
| 3:06 | Queue | Villager (Male) |
| 3:37 | Queue | Villager (Male) |
| 3:51 | Queue | Villager (Male) |
| 3:51 | Queue | Villager (Male) |
| 4:31 | Queue | Villager (Male) |
| 4:46 | Queue | Villager (Male) |
| 5:10 | Queue | Villager (Male) |
| 5:30 | Build | Barracks |
| 5:40 | Queue | Villager (Male) |
| 5:47 | Research | Loom |
| 5:47 | Research | Loom |
| 6:34 | Build | House |
| 6:40 | Queue | Villager (Male) |
| 7:01 | Build | Palisade Wall |
| 7:09 | Research | Feudal Age |
| 7:09 | Research | Feudal Age |
| 7:21 | Queue | Unit 2550 |
| 7:21 | Queue | Unit 2550 |
| 7:21 | Queue | Unit 2550 |
| 7:40 | Queue | Unit 2550 |
| 7:45 | Build | Settlement |
| 8:26 | Queue | Unit 2550 |
| 8:27 | Queue | Unit 2550 |
| 8:47 | Queue | Villager (Male) |
| 9:19 | Age | Feudal Age |
| 9:22 | Research | Tech 1402 |
| 9:24 | Queue | Villager (Male) |
| 9:29 | Research | Double-Bit Axe |
| 9:33 | Build | House |
| 9:36 | Build | Palisade Wall |
| 9:39 | Build | Palisade Wall |
| 9:41 | Build | Palisade Wall |
| 9:43 | Build | Palisade Wall |
| 9:57 | Queue | Villager (Male) |
| 10:07 | Build | Archery Range |
| 10:22 | Queue | Villager (Male) |
| 10:31 | Build | Palisade Wall |
| 10:32 | Build | Palisade Wall |
| 10:59 | Build | Palisade Wall |
| 11:00 | Build | Palisade Wall |
| 11:03 | Build | Farm |
| 11:03 | Queue | Archer |
| 11:04 | Queue | Archer |
| 11:04 | Queue | Archer |
| 11:16 | Build | Farm |
| 11:18 | Build | Settlement |
| 11:22 | Build | Palisade Wall |
| 11:22 | Build | Palisade Wall |
| 11:25 | Build | Watch Tower |
| 11:26 | Build | Palisade Wall |
| 11:44 | Queue | Archer |
| 11:44 | Queue | Archer |
| 11:45 | Build | Farm |
| 12:02 | Queue | Villager (Male) |
| 12:18 | Build | Farm |
| 12:19 | Build | Farm |
| 12:53 | Queue | Villager (Male) |
| 13:10 | Queue | Archer |
| 13:10 | Queue | Archer |
| 13:20 | Queue | Villager (Male) |
| 13:36 | Queue | Villager (Male) |
| 13:38 | Build | Settlement |
Build order — wR.Mochi
74 actions detected in the replay
| 0:00 | Queue | Villager (Male) |
| 0:00 | Queue | Villager (Male) |
| 0:00 | Queue | Villager (Male) |
| 0:00 | Queue | Villager (Male) |
| 0:01 | Build | House |
| 0:02 | Build | House |
| 1:18 | Research | Loom |
| 1:36 | Queue | Villager (Male) |
| 1:37 | Queue | Villager (Male) |
| 1:55 | Build | Lumber Camp |
| 1:57 | Queue | Villager (Male) |
| 2:09 | Queue | Villager (Male) |
| 2:09 | Queue | Villager (Male) |
| 2:34 | Queue | Villager (Male) |
| 2:34 | Queue | Villager (Male) |
| 3:09 | Queue | Villager (Male) |
| 3:09 | Queue | Villager (Male) |
| 3:26 | Build | House |
| 3:30 | Build | House |
| 3:33 | Build | House |
| 3:55 | Queue | Villager (Male) |
| 4:05 | Build | Mill |
| 4:12 | Queue | Villager (Male) |
| 4:29 | Queue | Villager (Male) |
| 4:29 | Queue | Villager (Male) |
| 5:03 | Queue | Villager (Male) |
| 5:44 | Build | Barracks |
| 5:45 | Queue | Villager (Male) |
| 5:45 | Queue | Villager (Male) |
| 6:11 | Queue | Villager (Male) |
| 6:32 | Queue | Villager (Male) |
| 6:38 | Build | House |
| 7:10 | Research | Feudal Age |
| 7:12 | Build | Mining Camp |
| 7:35 | Queue | Militia |
| 7:49 | Queue | Militia |
| 8:18 | Queue | Militia |
| 8:41 | Queue | Militia |
| 9:00 | Queue | Villager (Male) |
| 9:20 | Age | Feudal Age |
| 9:28 | Queue | Villager (Male) |
| 9:31 | Research | Man-at-Arms (upgrade) |
| 9:45 | Queue | Villager (Male) |
| 9:50 | Build | House |
| 10:02 | Build | Palisade Wall |
| 10:05 | Build | Palisade Wall |
| 10:11 | Build | House |
| 10:24 | Build | Mill |
| 10:26 | Build | Palisade Wall |
| 10:28 | Build | House |
| 10:29 | Build | House |
| 10:38 | Queue | Villager (Male) |
| 10:58 | Build | Watch Tower |
| 10:59 | Queue | Villager (Male) |
| 11:11 | Build | Watch Tower |
| 11:22 | Queue | Villager (Male) |
| 11:27 | Queue | Villager (Male) |
| 11:28 | Build | Farm |
| 11:29 | Build | Farm |
| 11:31 | Queue | Militia |
| 11:31 | Queue | Militia |
| 11:31 | Queue | Militia |
| 11:47 | Build | Watch Tower |
| 11:55 | Build | Farm |
| 12:17 | Queue | Villager (Male) |
| 12:20 | Queue | Militia |
| 12:20 | Queue | Militia |
| 12:50 | Build | Lumber Camp |
| 12:51 | Queue | Villager (Male) |
| 13:00 | Queue | Villager (Male) |
| 13:13 | Build | Mining Camp |
| 13:13 | Queue | Villager (Male) |
| 13:14 | Queue | Militia |
| 13:14 | Queue | Militia |
Match timeline
| 5:30 | Scotty · first_building Barracks |
| 5:44 | wR.Mochi · first_building Barracks |
| 7:01 | Scotty · wall_segment Palisade Wall x5 |
| 9:19 | Scotty · age_up feudal |
| 9:20 | wR.Mochi · age_up feudal |
| 9:36 | Scotty · wall_segment Palisade Wall x1 |
| 9:39 | Scotty · wall_segment Palisade Wall x1 |
| 9:41 | Scotty · wall_segment Palisade Wall x1 |
| 9:43 | Scotty · wall_segment Palisade Wall x1 |
| 10:02 | wR.Mochi · wall_segment Palisade Wall x1 |
| 10:05 | wR.Mochi · wall_segment Palisade Wall x1 |
| 10:07 | Scotty · first_building Archery Range |
| 10:26 | wR.Mochi · wall_segment Palisade Wall x1 |
| 10:31 | Scotty · wall_segment Palisade Wall x2 |
| 10:32 | Scotty · wall_segment Palisade Wall x4 |
| 10:59 | Scotty · wall_segment Palisade Wall x1 |
| 11:00 | Scotty · wall_segment Palisade Wall x1 |
| 11:22 | Scotty · wall_segment Palisade Wall x1 |
| 11:22 | Scotty · wall_segment Palisade Wall x1 |
| 11:26 | Scotty · wall_segment Palisade Wall x1 |
| 13:41 | wR.Mochi · resign |
[ AI ANALYSIS · 1 CREDIT ]
What really happened in this match?
Wolo.gg analyzes every decision: build order, eco, micro, common mistakes by bracket. Personalized analysis on WhatsApp or Discord in 30 seconds.
Civ guide
Mapuche
Perfil
Jugador #301918